 Dungeon Crawl Stone Soup version 0.31-a0-182-gc5ef74bbde (webtiles) character file.

Game seed: 4765493001923569151

357 qw the Chopper (level 6, -5/38 HPs)
             Began as a Gargoyle Fighter on June 21, 2023.
             Slain by Duvessa
             ... wielding a +0 short sword
              (11 damage)
             ... on level 4 of the Dungeon.
             The game lasted 00:01:25 (3022 turns).

qw the Chopper (Gargoyle Fighter)                   Turns: 3022, Time: 00:01:26

Health: -5/38      AC: 14    Str: 21    XL:     6   Next: 64%
Magic:  6/6        EV:  7    Int:  9    God:
Gold:   190        SH:  9    Dex:  9    Spells: 5/5 levels left

rFire   . . .        Y - +1 war axe
rCold   . . .        c - +0 buckler
rNeg    + . .        o - +0 chain mail
rPois   inf          (no helmet)
rElec   +            (no cloak)
rCorr   .            q - +0 pair of gloves
SInv    .            (no boots)
Will    .....        g - amulet of reflection Stlth
                     (no ring)
HPRegen 0.26/turn    (no ring)
MPRegen 0.10/turn

%: reflection
@: no status effects
A: sickness immunity, AC +4, negative energy resistance 1, electricity
resistance, torment resistance 1, petrification resistance
a: no special abilities


You were on level 4 of the Dungeon.
You visited 1 branch of the dungeon, and saw 4 of its levels.

You collected 190 gold pieces.


Innate Abilities, Weirdness & Mutations

You are immune to sickness and miasma.
Your stone body is resilient. (AC +4)
You are immune to poison.
You resist negative energy. (rN+)
You are resistant to electric shocks. (rElec)
You are resistant to unholy torment.
You are immune to petrification.


   Skills:
 - Level 4.3 Fighting
 + Level 5.8 Axes
 - Level 3.2 Armour
 - Level 3.2 Shields


You had 5 spell levels left.
You didn't know any spells.
Your spell library was empty.

Inventory:

Hand Weapons
 n - a +0 whip
 Y - a +1 war axe (weapon)
Armour
 c - a +0 buckler (worn)
 o - a +0 chain mail (worn)
 q - a +0 pair of gloves (worn)
Jewellery
 f - a ring of ice
 g - an amulet of reflection (around neck)
Scrolls
 k - a scroll of identify
Potions
 a - a potion of curing
 d - 2 potions of might
 e - a potion of cancellation {unknown}
 h - a potion of degeneration {unknown}
 i - a potion of magic
 j - a potion of haste {unknown}
 l - a potion of heal wounds {unknown}
 r - a potion of attraction {unknown}

Dungeon Overview and Level Annotations

Branches:
Dungeon (4/15)
 Temple: D:4-7

Altars:

Annotations:
D:2 1 runed translucent door, Crazy Yiuf
D:4 Duvessa


Message History

You barely miss Dowan.
Dowan is almost dead.
Dowan barely misses you.
You closely miss Dowan.
Dowan is almost dead.
You block Dowan's attack.
You slash Duvessa!
Duvessa is moderately wounded.
Dowan casts a spell at Duvessa.
Duvessa seems to speed up.
You closely miss Duvessa.
Duvessa is moderately wounded.
You block Duvessa's attack. x2
You hit Dowan.
You kill Dowan!
Duvessa screams, "No!
How DARE you!"
Duvessa goes berserk!
You slash Duvessa! Duvessa hits you but does no damage.
Duvessa barely misses you.
You hit Duvessa but do no damage.
Duvessa is heavily wounded.
Duvessa hits you with a +0 short sword.
You slash Duvessa!
Duvessa is severely wounded.
You block Duvessa's attack. Duvessa completely misses you.
You hit Duvessa but do no damage.
Duvessa is severely wounded.
Duvessa hits you but does no damage. x2
You barely miss Duvessa.
Duvessa is severely wounded.
You block Duvessa's attack. Duvessa hits you with a +0 short sword.
You slash Duvessa!
Duvessa is almost dead.
Duvessa hits you with a +0 short sword! Duvessa hits you with a +0 short sword.
You slash Duvessa!
Duvessa is almost dead.
You block Duvessa's attack. Duvessa hits you with a +0 short sword!
You barely miss Duvessa.
Duvessa is almost dead.
Duvessa hits you with a +0 short sword!
You die...

#...##..###########..##
######..## #..# #..(.#
...# #....# ...# #....#
...# #....# ..
#....##...!
#....'......
##@).##..... #e..# ....
....... ...
............
........... .
#...........
#..#...##... ####...#
###


You could see Duvessa (berserk, fast).

Vanquished Creatures
  A scorpion (D:4)
  Dowan (D:4)
  A howler monkey (D:4)
  2 hounds (D:4)
  2 iguanas (D:4)
  3 adders
  2 worms (D:2)
  4 dart slugs
  An orc (D:3)
  2 ball pythons
  6 bats
  9 endoplasms
  3 giant cockroaches
  4 goblins
  4 hobgoblins
  7 kobolds
  2 quokkas
  6 frilled lizards
  5 rats
65 creatures vanquished.

Notes
Turn   | Place    | Note
-------+----------+-------------------------------------------
     0 | D:1      | qw the Gargoyle Fighter began the quest for the Orb.
     0 | D:1      | Reached XP level 1. HP: 14/14 MP: 1/1
     0 | D:1      | 0 ||| qw: Version: 0.3-a-9-g12657ce
     0 | D:1      | 0 ||| qw: Game counter: 1576
     0 | D:1      | 0 ||| qw: Always use a shield: true
     0 | D:1      | 0 ||| qw: God list: Okawaru
     0 | D:1      | 0 ||| qw: Allow faded altars: false
     0 | D:1      | 0 ||| qw: Do Orc after D:15 true
     0 | D:1      | 0 ||| qw: Do second Lair branch before Depths: true
     0 | D:1      | 0 ||| qw: Lair rune preference: random
     0 | D:1      | 0 ||| qw: Plans: Normal, Zot:1-4, Slime:5, God:TSO, Crypt,
                  | Tomb, Abyss, Pan, Hells, Win
     0 | D:1      | 0 ||| PLANNING D:1-11
    22 | D:1      | Reached skill level 2 in Axes
    94 | D:1      | Reached XP level 2. HP: 8/19 MP: 2/2
   339 | D:1      | 339 ||| Stepping ~*~*~tactically~*~*~ (hiding).
   452 | D:1      | Reached skill level 3 in Axes
   487 | D:1      | Reached XP level 3. HP: 23/23 MP: 3/3
   489 | D:1      | 489 ||| Stepping ~*~*~tactically~*~*~ (hiding).
   491 | D:1      | 491 ||| Stepping ~*~*~tactically~*~*~ (hiding).
   852 | D:1      | 852 ||| UPGRADING to amulet of reflection.
   857 | D:1      | 857 ||| READING scroll labelled ZUHU XOEGUDIM.
   858 | D:1      | 858 ||| READING scroll labelled QUSCHI ZINUUZICA.
   963 | D:2      | Found a faded altar of an unknown god.
  1230 | D:2      | Reached XP level 4. HP: 28/28 MP: 4/4
  1368 | D:2      | 1368 ||| Stepping ~*~*~tactically~*~*~ (hiding).
  1546 | D:2      | Found a runed translucent door.
  1547 | D:2      | Noticed Crazy Yiuf
  1733 | D:2      | 1733 ||| READING scroll labelled BEUMUSMUUPT.
  1788 | D:2      | 1788 ||| READING scroll labelled GYS TIMOICSAA.
  1789 | D:2      | 1789 ||| DRINKING 2 coppery potions.
  1790 | D:2      | 1790 ||| DRINKING 2 metallic emerald potions.
  1895 | D:3      | 1895 ||| DROPPING +0 club.
  1909 | D:3      | Reached skill level 4 in Axes
  1909 | D:3      | 1909 ||| Stepping ~*~*~tactically~*~*~ (hiding).
  1911 | D:3      | 1911 ||| Stepping ~*~*~tactically~*~*~ (hiding).
  2336 | D:3      | 2336 ||| Stepping ~*~*~tactically~*~*~ (hiding).
  2349 | D:3      | 2349 ||| UPGRADING to +0 chain mail.
  2359 | D:3      | 2359 ||| DROPPING +0 scale mail.
  2360 | D:3      | 2360 ||| UPGRADING to +0 pair of gloves.
  2365 | D:3      | 2365 ||| READING scroll labelled FUONI XISOTAE.
  2466 | D:3      | 2466 ||| READING scroll labelled GUAQ GIOLU.
  2498 | D:4      | 2498 ||| PLANNING SEWER
  2521 | D:4      | 2521 ||| FLEEEEING.
  2522 | D:4      | 2522 ||| FLEEEEING.
  2529 | D:4      | HP: 4/28 [iguana (6)]
  2534 | D:4      | Reached XP level 5. HP: 6/32 MP: 5/5
  2641 | D:4      | 2641 ||| Stepping ~*~*~tactically~*~*~ (hiding).
  2760 | D:4      | Reached skill level 5 in Axes
  2824 | D:4      | Reached XP level 6. HP: 17/38 MP: 6/6
  3000 | D:4      | Noticed Dowan
  3001 | D:4      | 3001 ||| Stepping ~*~*~tactically~*~*~ (hiding).
  3002 | D:4      | 3002 ||| Stepping ~*~*~tactically~*~*~ (hiding).
  3008 | D:4      | Noticed Duvessa
  3015 | D:4      | Killed Dowan
  3021 | D:4      | HP: 6/38 [Duvessa/+0 short sword (8)]
  3022 | D:4      | Slain by Duvessa

Levels and vault maps discovered:
D:1:      minmay_arrival_shattered_statue, layout_loops_cross,
          minmay_misc_feat_room
D:2:      layout_loops_ring, shapermc_ecumenical_altar_acropolis,
          corexii_item_surrounded_by_moat, chequers_garden,
          uniq_crazy_yiuf_cottage
D:3:      minmay_spotlight, layout_basic
D:4:      layout_gridville, grunt_temple_overflow_growth_and_decay,
          gup_sewer_entry_pipe, uniq_duvessa

Skill      XL: |  1  2  3  4  5 |
---------------+----------------+-----
Axes           | 2 3 4 5 |  5.8
Fighting       | 4 |  4.3
Armour         | |  3.2
Shields        | |  3.2

Action                     |  1- 3 |  4- 6 || total
---------------------------+-------+-------++-------
  Melee: War axe           |    98 |   117 ||   215
  Throw: Boomerang         |       |    31 ||    31
    Use: Scroll            |     2 |     4 ||     6
         Potion            |       |     2 ||     2
 Armour: Scale mail        |    32 |    17 ||    49
         Chain mail        |       |    39 ||    39
  Dodge: Dodged            |    37 |    29 ||    66
  Block: Buckler           |    24 |    47 ||    71
         Reflection        |       |     3 ||     3

Table legend:
 A = Non-vault XP
 B = Vault XP
 C = Vault XP percentage of total XP
 D = Non-vault monster count
 E = Vault monster count
 F = Vault count percentage of total count
                 A         B        C        D         E       F
            +---------+---------+-------+---------+---------+-------
      Total |     432 |      78 |  15.3 |      59 |       6 |   9.2
            +---------+---------+-------+---------+---------+-------
        D:1 |      42 |       0 |   0.0 |      21 |       0 |   0.0
        D:2 |      49 |       0 |   0.0 |      18 |       0 |   0.0
        D:3 |      16 |       9 |  36.0 |       9 |       5 |  35.7
        D:4 |     325 |      69 |  17.5 |      11 |       1 |   8.3
            +---------+---------+-------+---------+---------+-------
